 Dungeon Sprint DCSS version 0.18-a0-1354-gbc5753f (webtiles) character file.

11798 Oracle the Peltast (level 12, -4/103 HPs)
             Began as a Formicid Fighter on Feb 19, 2016.
             Was the Champion of Qazlal.
             Slain by an ushabti
             ... wielding an uncursed staff of wizardry
              (14 damage)
             ... in the Dungeon (Sprint V: "Ziggurat Sprint").
             The game lasted 00:04:15 (791 turns).

Oracle the Peltast (Formicid Fighter)                Turns: 791, Time: 00:04:15

Health: -4/103     AC: 39    Str: 33    XL:     12   Next: 12%
Magic:  14/22      EV:  4    Int: 17    God:    Qazlal [******]
Gold:   0          SH: 46    Dex: 10    Spells: 0 memorised, 11 levels left

rFire  . . .     SeeInvis +     o - +10 dark maul {crush}
rCold  . . .     Gourm    .     m - +15 Maxwell's patent armour {-Cast -Tele rElec MR+ rCorr}
rNeg   + + +     Faith    .     n - +18 shield of the gong {rElec rN+ MR+ EV-5}
rPois  +         Spirit   .     (helmet unavailable)
rElec  +         Dismiss  .     a - +0 cloak {rPois}
rCorr  +         Reflect  +     (no gloves)
SustAt .         Harm     .     b - +3 pair of boots of the Hart {rN+ MR+ rCorr Int+5}
MR     ++++.     NoCast   +     t - +4 amulet of reflection
Stlth  ..........               c - ring of the Exiled Tales {rN+ Int+3}
                                u - +6 ring of strength

@: lethally poisoned (-4 -> -40), protected from physical damage, studying Air
Magic, repel missiles, incredibly resistant to hostile enchantments, extremely
unstealthy
A: permanent stasis, dig shafts and tunnels, four strong arms, antennae 3,
strong 1
a: Dig, Upheaval, Elemental Force, Disaster Area, Renounce Religion


You were in the Dungeon.
You worshipped Qazlal.
Qazlal was exalted by your worship.
You were not hungry.

You visited 1 branch

Inventory:

Hand Weapons
 l - the +7 great mace "Firestarter" {inner flame, rF++}
   (You found it in the Dungeon)

   It has been specially enchanted to burn those struck by it, causing extra
   injury to most foes and up to half again as much damage against particularly
   susceptible opponents.
   It greatly protects you from fire.
 o - the +10 dark maul (weapon) {crush}
   (You found it in the Dungeon)

   It inflicts extra damage upon your enemies.
Armour
 a - a +0 cloak of poison resistance (worn)
 b - the +3 pair of boots of the Hart (worn) {rN+ MR+ rCorr Int+5}
   (You found it in the Dungeon)

   It affects your intelligence (+5).
   It protects you from negative energy.
   It affects your resistance to hostile enchantments.
   It protects you from acid and corrosion.
 m - the +15 Maxwell's patent armour (worn) {-Cast -Tele rElec MR+ rCorr}
   (You found it in the Dungeon)

   It insulates you from electricity.
   It affects your resistance to hostile enchantments.
   It prevents spellcasting.
   It prevents most forms of teleportation.
   It protects you from acid and corrosion.
 n - the +18 shield of the gong (worn) {rElec rN+ MR+ EV-5}
   (You found it in the Dungeon)

   It affects your evasion (-5).
   It insulates you from electricity.
   It protects you from negative energy.
   It affects your resistance to hostile enchantments.
Jewellery
 c - the ring of the Exiled Tales (right hand) {rN+ Int+3}
   (You found it in the Dungeon)

   [ring of positive energy]

   It affects your intelligence (+3).
   It protects you from negative energy.
 t - a +4 amulet of reflection (around neck)
 u - a +6 ring of strength (left hand)
 v - a +6 ring of strength
Wands
 w - a wand of disintegration (7/24)
 x - a wand of iceblast (5/15)
 y - a wand of lightning (5/15)
 z - a wand of acid (5/15)
Scrolls
 F - 4 scrolls of amnesia
 G - 3 scrolls of recharging
 H - 7 scrolls of fog
 I - a scroll of holy word
 J - 5 scrolls of identify
 K - 5 scrolls of remove curse
 L - 2 scrolls of fear
Potions
 d - 6 potions of might
 e - 10 potions of curing
 g - 8 potions of heal wounds
 h - 6 potions of haste
 i - 7 potions of magic
 j - 3 potions of berserk rage
 A - 2 potions of brilliance
 B - 2 potions of invisibility
 C - 4 potions of resistance
 D - a potion of experience
 E - 6 potions of agility
Books
 s - a manual of Air Magic
Miscellaneous
 k - a fan of gales
 p - a disc of storms
 q - a plain deck of changes {drawn: 2}
 r - a plain deck of wonders {drawn: 1}
 O - a sack of spiders
 P - a stone of tremors
Comestibles
 f - 5 bread rations
 M - 42 fruits
 N - 4 meat rations


   Skills:
 + Level 12.5 Fighting
 * Level 14.3 Maces & Flails
 + Level 12.0 Armour
 + Level 1.8 Dodging
 + Level 17.9 Shields
 * Level 14.1 Invocations
 + Level 1.6 Evocations


You had 11 spell levels left.
You didn't know any spells.

Dungeon Overview and Level Annotations

Branches:
Dungeon (1/1)

Altars:
Ashenzari
Cheibriados
Dithmenos
Elyvilon
Fedhas
Gozag
Kikubaaqudgha
Makhleb
Nemelex Xobeh
Okawaru
Pakellas
Qazlal
Ru
Sif Muna
Trog
Vehumet
Xom
Yredelemnul
Zin
The Shining One
Beogh
Jiyva
Lugonu


Innate Abilities, Weirdness & Mutations

You are under a permanent stasis effect.
You can dig through walls and to a lower floor.
Your four strong arms can wield two-handed weapons with a shield.
You have a pair of large antennae on your head (SInv).
Your muscles are strong. (Str +2)


Message History

You feel very sick. You block the death scarab's attack.
GONNNNG!
The death scarab is engulfed in freezing vapours.
You block the death scarab's attack.
PTOANNNG!
You block the death scarab's attack.
GONNNNG!
The death scarab bites you but does no damage.
The death scarab bites you!
* * * LOW HITPOINT WARNING * * *
The death scarab drains your vigour!
Your stasis keeps you stable.
You block the emperor scorpion's attack.
GONNNNG!
The emperor scorpion claws you but does no damage. x2
The emperor scorpion barely misses you.
The emperor scorpion claws you but does no damage.
The emperor scorpion barely misses you.
The ushabti hits you with an uncursed staff of wizardry!
You die...

▓...8©8...▓
▓..).}[...▓.....)...▓
▓..[[.})..▓...§§}§..▓
▓.........▓...§.§...▓
▓.........▓.........▓
{▓.........▓...)))...▓
▓....§§§≈.▓.........▓
▓....§8BB§▓.▓.)...▓.▓
▓.....§@BB▓.........▓
▓....§ssMB▓▓▓▓▓▓▓▓▓▓▓
▓▓▓▓▓▓▓▓▓▓▓


{{{{{{{{ {{{{{{{{{ {{{{{{{{{{{{{{{{{{ {{{{{{{{{{{{{{{{{{ {{{{{{{ You could see a
greater mummy, 2 emperor scorpions, an ushabti and 5 death scarabs.

Vanquished Creatures
  A greater mummy (D)
  A rakshasa (D)
  A wolf spider (D)
  A worldbinder (D)
  2 shining eyes (D)
  3 eyes of devastation (D)
  2 polar bears (D)
  2 jumping spiders (D)
  2 ushabtiu (D)
  2 slime creatures (D)
  A tarantella (D)
  A flying skull (D)
  A spriggan (D)
  A redback (D)
  2 golden eyes (D)
  2 yaks (D)
  A wolf (D)
  2 hell hounds (D)
  2 ice beasts (D)
  3 scorpions (D)
  A crimson imp (D)
  6 jellies (D)
  3 iron imps (D)
  A sheep (D)
  2 mummies (D)
  2 river rats (D)
  2 shadow imps (D)
  3 white imps (D)
  An ooze (D)
  An adder skeleton (D)
  An adder zombie (D)
  2 bat zombies (D)
  3 jackals (D)
  A jackal zombie (D)
62 creatures vanquished.

Notes
Turn   | Place    | Note
--------------------------------------------------------------
     0 | D        | Oracle the Formicid Fighter began the quest for the Orb.
     0 | D        | Reached XP level 1. HP: 18/18 MP: 1/1
     0 | D        | Found an iron altar of Okawaru.
     0 | D        | Found a burning altar of Makhleb.
     0 | D        | Found a radiant altar of Vehumet.
     0 | D        | Found a deep blue altar of Sif Muna.
     0 | D        | Found a shimmering altar of Xom.
     0 | D        | Found a bloodstained altar of Trog.
     6 | D        | Found a white marble altar of Elyvilon.
     6 | D        | Found a sparkling altar of Nemelex Xobeh.
     6 | D        | Found a corrupted altar of Lugonu.
     6 | D        | Found a roughly hewn altar of Beogh.
     6 | D        | Found a viscous altar of Jiyva.
    69 | D        | Became a worshipper of Qazlal Stormbringer
    95 | D        | Entered arena 1.
    95 | D        | Noticed a spriggan
    95 | D        | Noticed a wolf
    97 | D        | Killed a spriggan
    97 | D        | Reached skill level 6 in Fighting
    97 | D        | Reached XP level 2. HP: 22/28 MP: 1/5
    97 | D        | Reached XP level 3. HP: 26/34 MP: 1/6
    97 | D        | Reached XP level 4. HP: 30/40 MP: 1/7
    97 | D        | Reached XP level 5. HP: 34/46 MP: 1/8
    98 | D        | Killed a wolf
    98 | D        | Reached skill level 7 in Fighting
    98 | D        | Reached skill level 5 in Maces & Flails
    98 | D        | Reached XP level 6. HP: 40/55 MP: 1/10
   180 | D        | Entered arena 2.
   180 | D        | Noticed a golden eye
   180 | D        | Noticed a slime creature
   186 | D        | Reached * piety under Qazlal
   186 | D        | Reached skill level 8 in Shields
   189 | D        | Killed a slime creature
   189 | D        | Reached skill level 9 in Shields
   189 | D        | Reached XP level 7. HP: 40/63 MP: 10/12
   189 | D        | Killed a golden eye
   308 | D        | Entered arena 3.
   308 | D        | Noticed a yak
   309 | D        | Reached ** piety under Qazlal
   311 | D        | Killed a yak
   311 | D        | Reached XP level 8. HP: 62/71 MP: 12/14
   312 | D        | Reached skill level 10 in Shields
   319 | D        | Got the +3 pair of boots of the Hart {rN+ MR+ rCorr Int+5}
   327 | D        | Entered arena 4.
   327 | D        | Noticed a yak
   330 | D        | Reached *** piety under Qazlal
   331 | D        | Killed a yak
   339 | D        | Got the ring of the Exiled Tales {rN+ Int+3}
   343 | D        | Entered arena 5.
   343 | D        | Noticed a polar bear
   343 | D        | Noticed a polar bear
   348 | D        | Killed a polar bear
   348 | D        | Reached **** piety under Qazlal
   349 | D        | Killed a polar bear
   349 | D        | Reached skill level 10 in Fighting
   349 | D        | Reached skill level 10 in Armour
   349 | D        | Reached skill level 11 in Shields
   350 | D        | Reached XP level 9. HP: 48/78 MP: 14/16
   487 | D        | Entered arena 6.
   487 | D        | Noticed a shining eye
   487 | D        | Noticed a slime creature
   488 | D        | Reached ***** piety under Qazlal
   489 | D        | Killed a shining eye
   489 | D        | Reached skill level 12 in Shields
   489 | D        | Reached skill level 10 in Invocations
   489 | D        | Killed a slime creature
   540 | D        | Entered arena 7.
   556 | D        | Entered arena 8.
   556 | D        | Noticed a shining eye
   556 | D        | Noticed an eye of devastation
   556 | D        | Noticed an eye of devastation
   556 | D        | Noticed an eye of devastation
   558 | D        | Killed a shining eye
   558 | D        | Reached skill level 10 in Maces & Flails
   558 | D        | Reached skill level 13 in Shields
   558 | D        | Reached XP level 10. HP: 83/87 MP: 12/18
   562 | D        | Killed an eye of devastation
   562 | D        | Killed an eye of devastation
   563 | D        | Killed an eye of devastation
   563 | D        | Reached ****** piety under Qazlal
   563 | D        | Reached skill level 14 in Shields
   667 | D        | Entered arena 9.
   667 | D        | Noticed a wolf spider
   670 | D        | Gained mutation: Your muscles are strong. (Str +2) [helix card]
   672 | D        | Killed a wolf spider
   677 | D        | Reached skill level 1 in Evocations
   696 | D        | Entered arena 10.
   696 | D        | Noticed a rakshasa
   696 | D        | Noticed a worldbinder
   697 | D        | Killed a worldbinder
   697 | D        | Reached skill level 15 in Shields
   697 | D        | Reached XP level 11. HP: 95/95 MP: 20/20
   707 | D        | Killed a rakshasa
   776 | D        | Entered arena 11.
   778 | D        | Noticed a greater mummy
   779 | D        | Noticed a greater mummy
   781 | D        | Noticed a death scarab
   783 | D        | Noticed a death scarab
   784 | D        | Noticed a death scarab
   785 | D        | Noticed a death scarab
   785 | D        | Noticed a death scarab
   788 | D        | Noticed a death scarab
   788 | D        | Killed a greater mummy
   788 | D        | Reached skill level 1 in Dodging
   788 | D        | Reached skill level 17 in Shields
   788 | D        | Reached XP level 12. HP: 30/103 MP: 13/22
   788 | D        | Noticed a soul eater
   790 | D        | Noticed an emperor scorpion
   790 | D        | Noticed an emperor scorpion
   791 | D        | Noticed a death scarab
   791 | D        | Noticed a death scarab
   791 | D        | Noticed a death scarab
   791 | D        | Noticed a death scarab
   791 | D        | Slain by an ushabti

Vault maps used:
D:        sprint_v

Action                   |  1- 3 |  4- 6 |  7- 9 | 10-12 || total
-------------------------+-------+-------+-------+-------++-------
Melee: Maul              |     1 |     3 |    24 |    31 ||    59
Invok: Upheaval          |       |       |     3 |     2 ||     5
       Disaster Area     |       |       |       |     1 ||     1
Evoke: Deck              |       |       |       |     3 ||     3
       Stone of tremors  |       |       |       |     1 ||     1
  Use: Potion            |       |       |       |     2 ||     2
